Login

Apsos vs Phantoms

Created - December 31, 2023 at 12:06

Goals
1 2 3 T
Apsos 1 0 0 1
Phantoms 0 1 1 2
Shots
1 2 3 T
Apsos 11 8 8 27
Phantoms 2 15 11 28

GoalsPenalties
1st period
1. Apsos , Chris Kreider 11 (Joel Eriksson Ek 13, Moxie Manslammer 18) at 12:16
Andrew Mangiapane (LIS) for Roughing (Minor) at 17:46
2nd period
2. Phantoms , Brayden Point 10 (Todd Harkness 11, Travis Hamonic 10) at 0:22
Moxie Manslammer (LHA) for Goalie Interference (Minor) at 12:40
Travis Hamonic (LIS) for Cross-checking (Minor) at 18:02
3rd period
3. Phantoms , Matthew Tkachuk 13 (Travis Hamonic 11, Todd Harkness 12) at 8:02
No Penalty
Goalie Stats
Alexandar Georgiev (LHA), 26 saves from 28 shots - (0.929), L, 20-8-3, 58:32 minutes
Samuel Montembeault (LIS), 26 saves from 27 shots - (0.963), W, 3-1-0, 60:00 minutes
3 StarsOfficial
1 - Todd Harkness (LIS)
2 - Samuel Montembeault (LIS)
3 - Matthew Tkachuk (LIS)
Referees : Unknown
Linesman : Unknown
Game Note
Moxie Manslammer is injured at 16:46 of 3rd period (Bruised Left Foot)
Finance
Level 1 -- Attendance: 4441 (74.02%) -- Ticket Income $444,100
Level 2 -- Attendance: 4832 (96.64%) -- Ticket Income $265,760
Level 3 -- Attendance: 1558 (77.90%) -- Ticket Income $54,530
Level 4 -- Attendance: 3111 (77.78%) -- Ticket Income $77,775
Luxury Box -- Attendance: 897 (89.70%) -- Ticket Income $201,825
Game was played at the Atlantic Pavillion.
Total Attendance: 14839 (82.44%)
Total Ticket Income: $1,043,990
Other Income: $417,596
Total Income: $1,461,586



Team Name Goals Shots Shots Attemp Shots Blocked PIM HIT PP PK FO%
Apsos 12766162180 / 2 (0%)059%
Phantoms 22866184190 / 1 (0%)041%

Apsos
Player Name POS G A P +/- PIM HIT SHT SB MP PP MP PP SHT PK MP PK SHT FO% FOT
Adam LarssonD000-1032319:442:2211:2100% 0
Chris KreiderLW/RW101-1003119:441:4910:3700% 1
Dmitry KulikovD0000011117:091:3610:3800% 0
Evgeny KuznetsovC0000013011:450:0000:38057% 14
Gustav ForslingD0000010014:070:0000:0000% 0
Jack JohnsonD0000020117:091:3600:3800% 0
Jakub VranaLW0000002017:031:4600:0000% 1
Jamie OleksiakD000-1011319:442:2201:2100% 0
Joel Eriksson EkC0111012021:001:4611:17056% 16
Kasperi KapanenLW/RW0000012013:170:2300:3600% 1
Marcus PetterssonD0000011114:070:0000:0000% 0
Matt RoyD000000039:000:0000:0000% 0
Mike HoffmanLW/RW0000004014:500:2300:280100% 1
Moxie ManslammerC/LW011-1200016:351:4900:00070% 20
Nick BjugstadC/RW0000052123:561:4610:22033% 3
Pavel BuchnevichLW/RW000-2004024:511:4900:0000% 3
Phillip DanaultC0000010014:590:2300:00080% 10
TJ BrodieD000000029:000:0000:0000% 0
Phantoms
Player Name POS G A P +/- PIM HIT SHT SB MP PP MP PP SHT PK MP PK SHT FO% FOT
Alexis LafreniereLW/RW000000006:220:0000:0000% 0
Andrew MangiapaneLW/RW0000202016:070:0000:0000% 0
Brady TkachukLW0000041019:540:5001:12050% 2
Brayden PointC1011003023:581:0902:46036% 25
Brian DumoulinD0000012115:050:0000:0000% 0
Devon ToewsD000-1002218:370:3911:4400% 0
Dominik KubalikLW/RW0000010016:080:0000:0000% 0
Ilya LyubushkinD000001017:540:0000:3300% 0
Jared McCannC/LW0000003016:080:0000:00033% 15
Jesper BrattLW/RW0001001016:021:0901:1200% 4
Kevin HayesC/LW/RW0000000118:420:5000:000100% 1
Matthew TkachukLW/RW1011024123:581:0902:46050% 6
Michael AndersonD0000010115:290:0000:2400% 0
Scott MayfieldD000-1041318:370:3901:4400% 0
Sebastian AhoC0000016118:420:5010:00059% 17
Todd HarknessD0222033426:181:2012:1400% 0
Travis HamonicD0222210317:591:2001:1700% 0
Vince DunnD000000000:000:0000:0000% 0

Apsos

5 vs 5 Forward
Line #Left WingCenterRight WingPHYDFOFWanted %Time %Time Play
1Pavel BuchnevichMoxie ManslammerChris Kreider1223031%16:36
2Jakub VranaJoel Eriksson EkNick Bjugstad1222828%15:12
3Pavel BuchnevichPhillip DanaultKasperi Kapanen1222621%11:24
4Mike HoffmanEvgeny KuznetsovNick Bjugstad1221619%10:13
5 vs 5 Defense
Line #DefenseDefensePHYDFOFWanted %Time %Time Play
1Jamie OleksiakAdam Larsson1223029%15:23
2Dmitry KulikovJack Johnson1222828%14:55
3Marcus PetterssonGustav Forsling1222626%14:07
4TJ BrodieMatt Roy1221617%9:00
Power Play Forward
Line #Left WingCenterRight WingPHYDFOFWanted %Time %Time Play
1Pavel BuchnevichMoxie ManslammerChris Kreider1225555%2:12
2Jakub VranaJoel Eriksson EkNick Bjugstad1224545%1:46
Power Play Defense
Line #DefenseDefensePHYDFOFWanted %Time %Time Play
1Jamie OleksiakAdam Larsson1225560%2:22
2Dmitry KulikovJack Johnson1224540%1:36
Penalty Kill 4 Players Forward
Line #CenterWingPHYDFOFWanted %Time %Time Play
1Moxie ManslammerNick Bjugstad1225569%1:22
2Joel Eriksson EkChris Kreider1224531%0:37
Penalty Kill 4 Players Defense
Line #DefenseDefensePHYDFOFWanted %Time %Time Play
1Jamie OleksiakAdam Larsson1225568%1:21
2Dmitry KulikovJack Johnson1224532%0:38
Penalty Kill 3 Players
Line #WingPHYDFOFWanted %Time %Time PlayDefenseDefensePHYDFOFWanted %Time %Time Play
1Joel Eriksson Ek122550%0:00 Jamie OleksiakAdam Larsson122550%0:00
2Moxie Manslammer122450%0:00 Dmitry KulikovJack Johnson122450%0:00
4 vs 4 Forward
Line #CenterWingPHYDFOFWanted %Time %Time Play
1Moxie ManslammerPavel Buchnevich122550%0:00
2Joel Eriksson EkChris Kreider122450%0:00
4 vs 4 Defense
Line #DefensePHYDFOFWanted %Time %Time Play
1Jamie OleksiakAdam Larsson122550%0:00
2Dmitry KulikovJack Johnson122450%0:00
Last Minutes Offensive
Left WingCenterRight WingDefenseDefense
Chris KreiderMoxie ManslammerPavel BuchnevichJamie OleksiakAdam Larsson
Last Minutes Defensive
Left WingCenterRight WingDefenseDefense
Nick BjugstadMoxie ManslammerJoel Eriksson EkJamie OleksiakAdam Larsson
Time
Total ForwardTotal DefenseLast Minutes OffensiveLast Minutes Defensive
60:00 60:00 0:380:00
Extra Forwards
Normal PowerPlayPenalty Kill
Joel Eriksson Ek, Phillip Danault, Mike HoffmanJoel Eriksson Ek, Phillip DanaultMike Hoffman
Extra Defensemen
Normal PowerPlayPenalty Kill
Adam Larsson, Gustav Forsling, Jamie OleksiakTJ Brodie, Gustav ForslingAdam Larsson
Penalty Shots
Pavel Buchnevich, Moxie Manslammer, Evgeny Kuznetsov, Joel Eriksson Ek, Nick Bjugstad
Goalie
Alexandar Georgiev, Connor Ingram
Custom OT Lines Forwards
Moxie Manslammer, Pavel Buchnevich, Joel Eriksson Ek, Chris Kreider, Jakub Vrana, Evgeny Kuznetsov, Nick Bjugstad, Mike Hoffman, Phillip Danault, Kasperi Kapanen
Custom OT Lines Defensemen
Jamie Oleksiak, Adam Larsson, Dmitry Kulikov, Gustav Forsling, Jack Johnson
Scratches
Ryan Donato (Healthy), Brett Howden (Healthy), Kaapo Kahkonen (Healthy)

Phantoms

5 vs 5 Forward
Line #Left WingCenterRight WingPHYDFOFWanted %Time %Time Play
1Matthew TkachukBrayden PointJesper Bratt1223025%13:19
2Brady TkachukSebastian AhoKevin Hayes1222833%17:52
3Dominik KubalikJared McCannAndrew Mangiapane1222630%16:08
4Alexis LafreniereBrayden PointMatthew Tkachuk1221612%6:22
5 vs 5 Defense
Line #DefenseDefensePHYDFOFWanted %Time %Time Play
1Todd HarknessTravis Hamonic1223028%15:01
2Scott MayfieldDevon Toews1222830%16:14
3Brian DumoulinMichael Anderson1222628%15:05
4Ilya LyubushkinTodd Harkness1221614%7:21
Power Play Forward
Line #Left WingCenterRight WingPHYDFOFWanted %Time %Time Play
1Matthew TkachukBrayden PointJesper Bratt1225558%1:09
2Brady TkachukSebastian AhoKevin Hayes1224542%0:50
Power Play Defense
Line #DefenseDefensePHYDFOFWanted %Time %Time Play
1Todd HarknessTravis Hamonic1225567%1:20
2Scott MayfieldDevon Toews1224533%0:39
Penalty Kill 4 Players Forward
Line #CenterWingPHYDFOFWanted %Time %Time Play
1Matthew TkachukBrayden Point1225570%2:46
2Brady TkachukJesper Bratt1224530%1:12
Penalty Kill 4 Players Defense
Line #DefenseDefensePHYDFOFWanted %Time %Time Play
1Todd HarknessTravis Hamonic1225556%2:14
2Scott MayfieldDevon Toews1224544%1:44
Penalty Kill 3 Players
Line #WingPHYDFOFWanted %Time %Time PlayDefenseDefensePHYDFOFWanted %Time %Time Play
1Matthew Tkachuk122550%0:00 Todd HarknessTravis Hamonic122550%0:00
2Brayden Point122450%0:00 Scott MayfieldDevon Toews122450%0:00
4 vs 4 Forward
Line #CenterWingPHYDFOFWanted %Time %Time Play
1Matthew TkachukBrayden Point122550%0:00
2Brady TkachukJesper Bratt122450%0:00
4 vs 4 Defense
Line #DefensePHYDFOFWanted %Time %Time Play
1Todd HarknessTravis Hamonic122550%0:00
2Scott MayfieldDevon Toews122450%0:00
Last Minutes Offensive
Left WingCenterRight WingDefenseDefense
Matthew TkachukBrayden PointJesper BrattTodd HarknessTravis Hamonic
Last Minutes Defensive
Left WingCenterRight WingDefenseDefense
Matthew TkachukBrayden PointJesper BrattTodd HarknessTravis Hamonic
Time
Total ForwardTotal DefenseLast Minutes OffensiveLast Minutes Defensive
60:00 60:00 0:000:22
Extra Forwards
Normal PowerPlayPenalty Kill
Jared McCann, Dominik Kubalik, Andrew MangiapaneJared McCann, Dominik KubalikAndrew Mangiapane
Extra Defensemen
Normal PowerPlayPenalty Kill
Brian Dumoulin, Michael Anderson, Ilya LyubushkinBrian Dumoulin, Michael AndersonIlya Lyubushkin
Penalty Shots
Matthew Tkachuk, Brayden Point, Brady Tkachuk, Jesper Bratt, Sebastian Aho
Goalie
Samuel Montembeault, Elvis Merzlikins
Custom OT Lines Forwards
Matthew Tkachuk, Brayden Point, Brady Tkachuk, Jesper Bratt, Sebastian Aho, Jared McCann, Kevin Hayes, Dominik Kubalik, Andrew Mangiapane, Alexis Lafreniere
Custom OT Lines Defensemen
Todd Harkness, Travis Hamonic, Scott Mayfield, Devon Toews, Brian Dumoulin
Scratches
Eetu Luostarinen (Healthy), Pheonix Copley (Bruised Right Foot Injury)


Play-by-Play

1st period


0:01 of 1st period - Moxie Manslammer wins face-off versus Jesper Bratt in neutral zone.
0:07 of 1st period - Icing by Travis Hamonic.
0:08 of 1st period - Joel Eriksson Ek wins face-off versus Brayden Point in Phantoms zone.
0:09 of 1st period - Shot by Nick Bjugstad.
0:09 of 1st period - Shot Blocked by Todd Harkness.
0:36 of 1st period - Icing by Dmitry Kulikov.
0:37 of 1st period - Sebastian Aho wins face-off versus Joel Eriksson Ek in Apsos zone.
1:43 of 1st period - Shot by Brian Dumoulin.
1:43 of 1st period - Shot Blocked by Dmitry Kulikov.
2:08 of 1st period - Dmitry Kulikov is hit by Dominik Kubalik and loses puck.
2:23 of 1st period - Todd Harkness is hit by Nick Bjugstad and loses puck.
2:56 of 1st period - Shot by Brayden Point.
2:56 of 1st period - Shot Misses the Net.
3:34 of 1st period - Shot by Pavel Buchnevich.
3:34 of 1st period - Shot Blocked by Scott Mayfield.
3:44 of 1st period - Shot by Pavel Buchnevich.
3:44 of 1st period - Shot Misses the Net.
3:46 of 1st period - Shot by Phillip Danault.
3:46 of 1st period - Shot Blocked by Devon Toews.
3:48 of 1st period - Shot by Kasperi Kapanen.
3:48 of 1st period - Shot Misses the Net.
3:59 of 1st period - Icing by Devon Toews.
4:00 of 1st period - Sebastian Aho wins face-off versus Moxie Manslammer in Phantoms zone.
4:10 of 1st period - Icing by Jamie Oleksiak.
4:11 of 1st period - Moxie Manslammer wins face-off versus Jesper Bratt in Apsos zone.
4:38 of 1st period - Moxie Manslammer is hit by Todd Harkness.
4:44 of 1st period - Shot by Pavel Buchnevich.
4:44 of 1st period - Stopped by Samuel Montembeault with a rebound.
4:54 of 1st period - Todd Harkness is hit by Kasperi Kapanen and loses puck.
5:03 of 1st period - Shot by Phillip Danault.
5:03 of 1st period - Deflect By Mike Hoffman.
5:03 of 1st period - Stopped by Samuel Montembeault with a rebound.
5:05 of 1st period - Shot by Matt Roy.
5:05 of 1st period - Shot Misses the Net.
6:07 of 1st period - Dominik Kubalik is hit by Gustav Forsling and loses puck.
6:29 of 1st period - Icing by Jamie Oleksiak.
6:30 of 1st period - Phillip Danault wins face-off versus Sebastian Aho in Apsos zone.
6:51 of 1st period - Shot by Sebastian Aho.
6:51 of 1st period - Shot Blocked by Jamie Oleksiak.
7:04 of 1st period - Shot by Brady Tkachuk.
7:04 of 1st period - Shot Misses the Net.
7:47 of 1st period - Matt Roy is hit by Matthew Tkachuk and loses puck.
8:35 of 1st period - Shot by Jared McCann.
8:35 of 1st period - Shot Misses the Net.
8:58 of 1st period - Shot by Dominik Kubalik.
8:58 of 1st period - Shot Misses the Net.
9:38 of 1st period - Shot by Chris Kreider.
9:38 of 1st period - Stopped by Samuel Montembeault without a rebound.
9:39 of 1st period - Evgeny Kuznetsov wins face-off versus Brayden Point in Phantoms zone.
9:50 of 1st period - Shot by Brayden Point.
9:50 of 1st period - Shot Blocked by Adam Larsson.
9:52 of 1st period - Shot by Todd Harkness.
9:52 of 1st period - Stopped by Alexandar Georgiev without a rebound.
9:53 of 1st period - Phillip Danault wins face-off versus Jared McCann in Apsos zone.
10:20 of 1st period - Shot by Matt Roy.
10:20 of 1st period - Shot Misses the Net.
11:08 of 1st period - Icing by Travis Hamonic.
11:09 of 1st period - Sebastian Aho wins face-off versus Evgeny Kuznetsov in Phantoms zone.
11:23 of 1st period - Evgeny Kuznetsov is hit by Brady Tkachuk and loses puck.
11:46 of 1st period - Shot by Mike Hoffman.
11:46 of 1st period - Stopped by Samuel Montembeault without a rebound.
11:47 of 1st period - Joel Eriksson Ek wins face-off versus Jared McCann in Phantoms zone.
12:04 of 1st period - Shot by Andrew Mangiapane.
12:04 of 1st period - Stopped by Alexandar Georgiev without a rebound.
12:05 of 1st period - Moxie Manslammer wins face-off versus Brayden Point in Apsos zone.
12:14 of 1st period - Shot by Chris Kreider.
12:14 of 1st period - Shot Misses the Net.
12:16 of 1st period - Shot by Chris Kreider.
12:16 of 1st period - Goal by Chris Kreider - Apsos : 1 - Phantoms : 0.
12:17 of 1st period - Joel Eriksson Ek wins face-off versus Jared McCann in neutral zone.
12:43 of 1st period - Jakub Vrana is hit by Ilya Lyubushkin and loses puck.
13:10 of 1st period - Shot by Brayden Point.
13:10 of 1st period - Shot Blocked by Adam Larsson.
13:53 of 1st period - Shot by Moxie Manslammer.
13:53 of 1st period - Shot Misses the Net.
13:55 of 1st period - Shot by Marcus Pettersson.
13:55 of 1st period - Stopped by Samuel Montembeault without a rebound.
13:56 of 1st period - Kevin Hayes wins face-off versus Phillip Danault in Phantoms zone.
15:08 of 1st period - Todd Harkness is hit by Evgeny Kuznetsov and loses puck.
15:27 of 1st period - Shot by Andrew Mangiapane.
15:27 of 1st period - Shot Blocked by Marcus Pettersson.
15:51 of 1st period - Shot by Joel Eriksson Ek.
15:51 of 1st period - Shot Misses the Net.
16:03 of 1st period - Shot by Joel Eriksson Ek.
16:03 of 1st period - Deflect By Moxie Manslammer.
16:03 of 1st period - Shot Blocked by Brian Dumoulin.
16:43 of 1st period - Shot by Sebastian Aho.
16:43 of 1st period - Deflect By Kevin Hayes.
16:43 of 1st period - Shot Misses the Net.
17:32 of 1st period - Shot by Joel Eriksson Ek.
17:32 of 1st period - Shot Blocked by Ilya Lyubushkin.
17:41 of 1st period - Icing by Todd Harkness.
17:42 of 1st period - Moxie Manslammer wins face-off versus Jared McCann in Phantoms zone.
17:46 of 1st period - Minor Penalty to Andrew Mangiapane for Roughing.
17:47 of 1st period - Moxie Manslammer wins face-off versus Matthew Tkachuk in Phantoms zone.
17:47 of 1st period - Moxie Manslammer is hit by Todd Harkness.
17:51 of 1st period - Shot by Chris Kreider.
17:51 of 1st period - Shot Blocked by Matthew Tkachuk.
17:53 of 1st period - Shot by Adam Larsson.
17:53 of 1st period - Stopped by Samuel Montembeault without a rebound.
17:54 of 1st period - Matthew Tkachuk wins face-off versus Joel Eriksson Ek in Phantoms zone.
17:54 of 1st period - Matthew Tkachuk is hit by Nick Bjugstad.
17:57 of 1st period - Devon Toews is hit by Nick Bjugstad and loses puck.
18:06 of 1st period - Shot by Jakub Vrana.
18:06 of 1st period - Shot Misses the Net.
18:08 of 1st period - Shot by Joel Eriksson Ek.
18:08 of 1st period - Stopped by Samuel Montembeault without a rebound.
18:09 of 1st period - Matthew Tkachuk wins face-off versus Chris Kreider in Phantoms zone.
18:38 of 1st period - Shot by Chris Kreider.
18:38 of 1st period - Stopped by Samuel Montembeault with a rebound.
18:42 of 1st period - Shot by Pavel Buchnevich.
18:42 of 1st period - Shot Blocked by Devon Toews.
18:44 of 1st period - Shot by Dmitry Kulikov.
18:44 of 1st period - Stopped by Samuel Montembeault without a rebound.
18:45 of 1st period - Matthew Tkachuk wins face-off versus Joel Eriksson Ek in Phantoms zone.
19:24 of 1st period - Shot by Nick Bjugstad.
19:24 of 1st period - Stopped by Samuel Montembeault with a rebound.
19:39 of 1st period - Icing by Moxie Manslammer.
19:40 of 1st period - Moxie Manslammer wins face-off versus Brady Tkachuk in Apsos zone.
19:45 of 1st period - Shot by Dmitry Kulikov.
19:45 of 1st period - Shot Misses the Net.
19:50 of 1st period - Pavel Buchnevich is hit by Brian Dumoulin.
Goals for this period are 1 for Apsos vs 0 for Phantoms.
Shots for this period are 11 for Apsos vs 2 for Phantoms.

2nd period


0:01 of 2nd period - Brayden Point wins face-off versus Pavel Buchnevich in neutral zone.
0:10 of 2nd period - Shot by Matthew Tkachuk.
0:10 of 2nd period - Stopped by Alexandar Georgiev with a rebound.
0:22 of 2nd period - Shot by Brayden Point.
0:22 of 2nd period - Goal by Brayden Point - Apsos : 1 - Phantoms : 1.
0:23 of 2nd period - Brady Tkachuk wins face-off versus Nick Bjugstad in neutral zone.
0:34 of 2nd period - Shot by Sebastian Aho.
0:34 of 2nd period - Stopped by Alexandar Georgiev without a rebound.
0:35 of 2nd period - Moxie Manslammer wins face-off versus Brayden Point in Apsos zone.
0:48 of 2nd period - Shot by Chris Kreider.
0:48 of 2nd period - Deflect By Moxie Manslammer.
0:48 of 2nd period - Shot Misses the Net.
0:50 of 2nd period - Shot by Dmitry Kulikov.
0:50 of 2nd period - Shot Misses the Net.
0:52 of 2nd period - Shot by Chris Kreider.
0:52 of 2nd period - Shot Misses the Net.
0:58 of 2nd period - Shot by Pavel Buchnevich.
0:58 of 2nd period - Stopped by Samuel Montembeault without a rebound.
0:59 of 2nd period - Nick Bjugstad wins face-off versus Sebastian Aho in Phantoms zone.
1:14 of 2nd period - Shot by Sebastian Aho.
1:14 of 2nd period - Stopped by Alexandar Georgiev with a rebound.
1:21 of 2nd period - Kevin Hayes is hit by Adam Larsson and loses puck.
1:33 of 2nd period - Sebastian Aho is hit by Jamie Oleksiak and loses puck.
2:11 of 2nd period - Shot by Pavel Buchnevich.
2:11 of 2nd period - Shot Blocked by Travis Hamonic.
2:15 of 2nd period - Shot by Chris Kreider.
2:15 of 2nd period - Shot Misses the Net.
2:25 of 2nd period - Shot by Moxie Manslammer.
2:25 of 2nd period - Shot Misses the Net.
2:27 of 2nd period - Shot by Moxie Manslammer.
2:27 of 2nd period - Shot Misses the Net.
3:07 of 2nd period - Shot by Joel Eriksson Ek.
3:07 of 2nd period - Stopped by Samuel Montembeault without a rebound.
3:08 of 2nd period - Phillip Danault wins face-off versus Jared McCann in Phantoms zone.
3:28 of 2nd period - Shot by Brian Dumoulin.
3:28 of 2nd period - Stopped by Alexandar Georgiev without a rebound.
3:29 of 2nd period - Evgeny Kuznetsov wins face-off versus Sebastian Aho in Apsos zone.
3:33 of 2nd period - Off-side.
3:34 of 2nd period - Moxie Manslammer wins face-off versus Sebastian Aho in neutral zone.
3:34 of 2nd period - Adam Larsson is hit by Sebastian Aho and loses puck.
4:21 of 2nd period - Shot by Jakub Vrana.
4:21 of 2nd period - Stopped by Samuel Montembeault with a rebound.
4:23 of 2nd period - Shot by Joel Eriksson Ek.
4:23 of 2nd period - Shot Blocked by Scott Mayfield.
4:25 of 2nd period - Shot by Jack Johnson.
4:25 of 2nd period - Shot Blocked by Scott Mayfield.
5:07 of 2nd period - Devon Toews is hit by Phillip Danault and loses puck.
5:52 of 2nd period - Shot by Brayden Point.
5:52 of 2nd period - Deflect By Jesper Bratt.
5:52 of 2nd period - Stopped by Alexandar Georgiev with a rebound.
6:25 of 2nd period - Icing by Chris Kreider.
6:26 of 2nd period - Jared McCann wins face-off versus Moxie Manslammer in Apsos zone.
6:29 of 2nd period - Shot by Jared McCann.
6:29 of 2nd period - Shot Misses the Net.
6:43 of 2nd period - Shot by Jared McCann.
6:43 of 2nd period - Shot Misses the Net.
6:45 of 2nd period - Shot by Brian Dumoulin.
6:45 of 2nd period - Shot Blocked by Matt Roy.
7:29 of 2nd period - Shot by Nick Bjugstad.
7:29 of 2nd period - Deflect By Jakub Vrana.
7:29 of 2nd period - Stopped by Samuel Montembeault without a rebound.
7:30 of 2nd period - Evgeny Kuznetsov wins face-off versus Brayden Point in Phantoms zone.
7:36 of 2nd period - Mike Hoffman is hit by Todd Harkness and loses puck.
7:49 of 2nd period - Shot by Todd Harkness.
7:49 of 2nd period - Stopped by Alexandar Georgiev without a rebound.
7:50 of 2nd period - Joel Eriksson Ek wins face-off versus Jared McCann in Apsos zone.
8:09 of 2nd period - Shot by Dominik Kubalik.
8:09 of 2nd period - Deflect By Jared McCann.
8:09 of 2nd period - Shot Blocked by Adam Larsson.
8:12 of 2nd period - Icing by Jamie Oleksiak.
8:13 of 2nd period - Brayden Point wins face-off versus Joel Eriksson Ek in Apsos zone.
9:14 of 2nd period - Shot by Sebastian Aho.
9:14 of 2nd period - Stopped by Alexandar Georgiev without a rebound.
9:15 of 2nd period - Jared McCann wins face-off versus Phillip Danault in Apsos zone.
9:26 of 2nd period - Shot by Jared McCann.
9:26 of 2nd period - Shot Misses the Net.
9:28 of 2nd period - Shot by Brian Dumoulin.
9:28 of 2nd period - Stopped by Alexandar Georgiev without a rebound.
9:29 of 2nd period - Sebastian Aho wins face-off versus Moxie Manslammer in Apsos zone.
9:30 of 2nd period - Shot by Brady Tkachuk.
9:30 of 2nd period - Deflect By Sebastian Aho.
9:30 of 2nd period - Shot Misses the Net.
9:32 of 2nd period - Shot by Devon Toews.
9:32 of 2nd period - Stopped by Alexandar Georgiev without a rebound.
9:33 of 2nd period - Jared McCann wins face-off versus Moxie Manslammer in Apsos zone.
9:34 of 2nd period - Shot by Andrew Mangiapane.
9:34 of 2nd period - Deflect By Jared McCann.
9:34 of 2nd period - Stopped by Alexandar Georgiev without a rebound.
9:35 of 2nd period - Moxie Manslammer wins face-off versus Jared McCann in Apsos zone.
9:51 of 2nd period - Jared McCann is hit by Marcus Pettersson and loses puck.
9:54 of 2nd period - Shot by Andrew Mangiapane.
9:54 of 2nd period - Stopped by Alexandar Georgiev without a rebound.
9:55 of 2nd period - Phillip Danault wins face-off versus Brayden Point in Apsos zone.
10:04 of 2nd period - Shot by Kasperi Kapanen.
10:04 of 2nd period - Stopped by Samuel Montembeault with a rebound.
10:06 of 2nd period - Shot by Pavel Buchnevich.
10:06 of 2nd period - Shot Blocked by Michael Anderson.
10:08 of 2nd period - Shot by Pavel Buchnevich.
10:08 of 2nd period - Deflect By Phillip Danault.
10:08 of 2nd period - Shot Misses the Net.
10:23 of 2nd period - Icing by Brian Dumoulin.
10:24 of 2nd period - Brayden Point wins face-off versus Evgeny Kuznetsov in Phantoms zone.
12:40 of 2nd period - Minor Penalty to Moxie Manslammer for Goalie Interference.
12:41 of 2nd period - Brayden Point wins face-off versus Joel Eriksson Ek in Apsos zone.
13:28 of 2nd period - Shot by Sebastian Aho.
13:28 of 2nd period - Shot Misses the Net.
13:30 of 2nd period - Shot by Sebastian Aho.
13:30 of 2nd period - Stopped by Alexandar Georgiev without a rebound.
13:31 of 2nd period - Evgeny Kuznetsov wins face-off versus Jesper Bratt in Apsos zone.
13:50 of 2nd period - Shot by Jesper Bratt.
13:50 of 2nd period - Shot Misses the Net.
13:54 of 2nd period - Shot by Devon Toews.
13:54 of 2nd period - Stopped by Alexandar Georgiev without a rebound.
13:55 of 2nd period - Sebastian Aho wins face-off versus Joel Eriksson Ek in Apsos zone.
13:56 of 2nd period - Shot by Todd Harkness.
13:56 of 2nd period - Shot Blocked by Jamie Oleksiak.
13:58 of 2nd period - Shot by Todd Harkness.
13:58 of 2nd period - Stopped by Alexandar Georgiev without a rebound.
13:59 of 2nd period - Mike Hoffman wins face-off versus Sebastian Aho in Apsos zone.
15:35 of 2nd period - Icing by Jack Johnson.
15:36 of 2nd period - Joel Eriksson Ek wins face-off versus Brayden Point in Apsos zone.
15:45 of 2nd period - Shot by Nick Bjugstad.
15:45 of 2nd period - Stopped by Samuel Montembeault without a rebound.
15:46 of 2nd period - Evgeny Kuznetsov wins face-off versus Brayden Point in Phantoms zone.
16:15 of 2nd period - Shot by Mike Hoffman.
16:15 of 2nd period - Deflect By Evgeny Kuznetsov.
16:15 of 2nd period - Shot Blocked by Todd Harkness.
16:21 of 2nd period - Shot by Mike Hoffman.
16:21 of 2nd period - Shot Blocked by Todd Harkness.
16:23 of 2nd period - Shot by Mike Hoffman.
16:23 of 2nd period - Stopped by Samuel Montembeault with a rebound.
16:28 of 2nd period - Brayden Point is hit by Nick Bjugstad and loses puck.
16:36 of 2nd period - Icing by Todd Harkness.
16:37 of 2nd period - Moxie Manslammer wins face-off versus Brayden Point in Phantoms zone.
16:38 of 2nd period - Shot by Pavel Buchnevich.
16:38 of 2nd period - Stopped by Samuel Montembeault without a rebound.
16:39 of 2nd period - Sebastian Aho wins face-off versus Moxie Manslammer in Phantoms zone.
16:44 of 2nd period - Jack Johnson is hit by Brady Tkachuk and loses puck.
16:51 of 2nd period - Shot by Sebastian Aho.
16:51 of 2nd period - Deflect By Brady Tkachuk.
16:51 of 2nd period - Shot Misses the Net.
16:53 of 2nd period - Shot by Sebastian Aho.
16:53 of 2nd period - Shot Misses the Net.
17:17 of 2nd period - Pavel Buchnevich is hit by Brady Tkachuk.
18:01 of 2nd period - Jakub Vrana is hit by Travis Hamonic.
18:02 of 2nd period - Minor Penalty to Travis Hamonic for Cross-checking.
18:03 of 2nd period - Moxie Manslammer wins face-off versus Matthew Tkachuk in Phantoms zone.
18:03 of 2nd period - Pavel Buchnevich is hit by Scott Mayfield and loses puck.
19:05 of 2nd period - Devon Toews is hit by Nick Bjugstad and loses puck.
Goals for this period are 0 for Apsos vs 1 for Phantoms.
Shots for this period are 8 for Apsos vs 15 for Phantoms.

3rd period


0:01 of 3rd period - Moxie Manslammer wins face-off versus Matthew Tkachuk in neutral zone.
1:06 of 3rd period - Icing by Travis Hamonic.
1:07 of 3rd period - Moxie Manslammer wins face-off versus Brayden Point in Phantoms zone.
1:36 of 3rd period - Shot by Jesper Bratt.
1:36 of 3rd period - Deflect By Matthew Tkachuk.
1:36 of 3rd period - Shot Blocked by Jamie Oleksiak.
2:18 of 3rd period - Shot by Sebastian Aho.
2:18 of 3rd period - Shot Misses the Net.
2:26 of 3rd period - Shot by Evgeny Kuznetsov.
2:26 of 3rd period - Deflect By Mike Hoffman.
2:26 of 3rd period - Stopped by Samuel Montembeault without a rebound.
2:27 of 3rd period - Jared McCann wins face-off versus Kasperi Kapanen in Phantoms zone.
2:40 of 3rd period - Shot by Dominik Kubalik.
2:40 of 3rd period - Shot Blocked by Matt Roy.
2:42 of 3rd period - Shot by Jared McCann.
2:42 of 3rd period - Shot Blocked by TJ Brodie.
2:48 of 3rd period - Shot by Jared McCann.
2:48 of 3rd period - Shot Misses the Net.
2:50 of 3rd period - Shot by Scott Mayfield.
2:50 of 3rd period - Shot Blocked by Matt Roy.
3:02 of 3rd period - Shot by Jared McCann.
3:02 of 3rd period - Shot Misses the Net.
3:04 of 3rd period - Shot by Andrew Mangiapane.
3:04 of 3rd period - Shot Hit the Post.
3:30 of 3rd period - Shot by Matthew Tkachuk.
3:30 of 3rd period - Stopped by Alexandar Georgiev without a rebound.
3:31 of 3rd period - Sebastian Aho wins face-off versus Evgeny Kuznetsov in Apsos zone.
3:34 of 3rd period - Shot by Sebastian Aho.
3:34 of 3rd period - Stopped by Alexandar Georgiev without a rebound.
3:35 of 3rd period - Joel Eriksson Ek wins face-off versus Brayden Point in Apsos zone.
3:52 of 3rd period - Shot by Brayden Point.
3:52 of 3rd period - Stopped by Alexandar Georgiev with a rebound.
4:15 of 3rd period - Shot by Matthew Tkachuk.
4:15 of 3rd period - Stopped by Alexandar Georgiev with a rebound.
5:13 of 3rd period - Shot by Sebastian Aho.
5:13 of 3rd period - Stopped by Alexandar Georgiev with a rebound.
5:45 of 3rd period - Shot by Jared McCann.
5:45 of 3rd period - Stopped by Alexandar Georgiev without a rebound.
5:46 of 3rd period - Brayden Point wins face-off versus Nick Bjugstad in Apsos zone.
5:55 of 3rd period - Shot by Brayden Point.
5:55 of 3rd period - Shot Blocked by TJ Brodie.
6:23 of 3rd period - Icing by Matt Roy.
6:24 of 3rd period - Joel Eriksson Ek wins face-off versus Jared McCann in Apsos zone.
6:51 of 3rd period - Shot by Andrew Mangiapane.
6:51 of 3rd period - Shot Blocked by Nick Bjugstad.
6:53 of 3rd period - Shot by Scott Mayfield.
6:53 of 3rd period - Stopped by Alexandar Georgiev without a rebound.
6:54 of 3rd period - Sebastian Aho wins face-off versus Pavel Buchnevich in Apsos zone.
7:21 of 3rd period - Shot by Kasperi Kapanen.
7:21 of 3rd period - Shot Blocked by Kevin Hayes.
7:34 of 3rd period - Off-side.
7:35 of 3rd period - Moxie Manslammer wins face-off versus Brayden Point in neutral zone.
8:02 of 3rd period - Shot by Matthew Tkachuk.
8:02 of 3rd period - Goal by Matthew Tkachuk - Apsos : 1 - Phantoms : 2.
8:03 of 3rd period - Evgeny Kuznetsov wins face-off versus Jared McCann in neutral zone.
8:19 of 3rd period - Shot by Dominik Kubalik.
8:19 of 3rd period - Shot Misses the Net.
8:24 of 3rd period - Off-side.
8:25 of 3rd period - Phillip Danault wins face-off versus Jesper Bratt in neutral zone.
8:25 of 3rd period - Phillip Danault is hit by Matthew Tkachuk.
8:33 of 3rd period - Shot by Pavel Buchnevich.
8:33 of 3rd period - Stopped by Samuel Montembeault without a rebound.
8:34 of 3rd period - Brayden Point wins face-off versus Moxie Manslammer in Phantoms zone.
9:12 of 3rd period - Shot by Matthew Tkachuk.
9:12 of 3rd period - Shot Blocked by Jack Johnson.
9:54 of 3rd period - Kevin Hayes is hit by Jack Johnson.
10:01 of 3rd period - Brady Tkachuk is hit by Dmitry Kulikov and loses puck.
10:30 of 3rd period - Andrew Mangiapane is hit by Jack Johnson and loses puck.
11:16 of 3rd period - Brayden Point is hit by Adam Larsson and loses puck.
11:22 of 3rd period - Matthew Tkachuk is hit by Adam Larsson.
12:00 of 3rd period - Off-side.
12:01 of 3rd period - Jared McCann wins face-off versus Evgeny Kuznetsov in neutral zone.
12:04 of 3rd period - Shot by Dominik Kubalik.
12:04 of 3rd period - Deflect By Jared McCann.
12:04 of 3rd period - Shot Misses the Net.
12:06 of 3rd period - Shot by Jared McCann.
12:06 of 3rd period - Shot Misses the Net.
12:20 of 3rd period - Shot by Jared McCann.
12:20 of 3rd period - Stopped by Alexandar Georgiev without a rebound.
12:21 of 3rd period - Sebastian Aho wins face-off versus Evgeny Kuznetsov in Apsos zone.
12:24 of 3rd period - Shot by Brady Tkachuk.
12:24 of 3rd period - Stopped by Alexandar Georgiev without a rebound.
12:25 of 3rd period - Evgeny Kuznetsov wins face-off versus Sebastian Aho in Apsos zone.
12:44 of 3rd period - Shot by Mike Hoffman.
12:44 of 3rd period - Shot Misses the Net.
12:46 of 3rd period - Shot by Nick Bjugstad.
12:46 of 3rd period - Shot Misses the Net.
13:23 of 3rd period - Matt Roy is hit by Brady Tkachuk.
13:34 of 3rd period - Icing by Todd Harkness.
13:35 of 3rd period - Evgeny Kuznetsov wins face-off versus Sebastian Aho in Phantoms zone.
13:36 of 3rd period - Shot by Mike Hoffman.
13:36 of 3rd period - Shot Misses the Net.
13:38 of 3rd period - Shot by Jamie Oleksiak.
13:38 of 3rd period - Stopped by Samuel Montembeault with a rebound.
13:40 of 3rd period - Shot by Evgeny Kuznetsov.
13:40 of 3rd period - Shot Blocked by Todd Harkness.
13:42 of 3rd period - Shot by Kasperi Kapanen.
13:42 of 3rd period - Shot Blocked by Travis Hamonic.
14:00 of 3rd period - Shot by Kasperi Kapanen.
14:00 of 3rd period - Deflect By Evgeny Kuznetsov.
14:00 of 3rd period - Stopped by Samuel Montembeault with a rebound.
14:02 of 3rd period - Shot by Evgeny Kuznetsov.
14:02 of 3rd period - Stopped by Samuel Montembeault with a rebound.
14:04 of 3rd period - Shot by Evgeny Kuznetsov.
14:04 of 3rd period - Stopped by Samuel Montembeault without a rebound.
14:05 of 3rd period - Joel Eriksson Ek wins face-off versus Brayden Point in Phantoms zone.
14:05 of 3rd period - Joel Eriksson Ek is hit by Scott Mayfield.
14:29 of 3rd period - Icing by Devon Toews.
14:30 of 3rd period - Phillip Danault wins face-off versus Brayden Point in Phantoms zone.
14:30 of 3rd period - Phillip Danault is hit by Scott Mayfield.
14:33 of 3rd period - Joel Eriksson Ek is hit by Scott Mayfield.
14:52 of 3rd period - Shot by Jesper Bratt.
14:52 of 3rd period - Shot Misses the Net.
15:18 of 3rd period - Icing by Jamie Oleksiak.
15:19 of 3rd period - Phillip Danault wins face-off versus Jared McCann in Apsos zone.
15:28 of 3rd period - Shot by Andrew Mangiapane.
15:28 of 3rd period - Shot Misses the Net.
16:45 of 3rd period - Moxie Manslammer is hit by Michael Anderson and loses puck.
16:46 of 3rd period - Moxie Manslammer from Apsos is injured at 16:46 of 3rd period (Bruised Left Foot).
16:47 of 3rd period - Brayden Point wins face-off versus Evgeny Kuznetsov in Phantoms zone.
16:57 of 3rd period - Shot by Brayden Point.
16:57 of 3rd period - Stopped by Alexandar Georgiev without a rebound.
16:58 of 3rd period - Sebastian Aho wins face-off versus Pavel Buchnevich in Apsos zone.
17:15 of 3rd period - Shot by Phillip Danault.
17:15 of 3rd period - Shot Misses the Net.
17:17 of 3rd period - Shot by Chris Kreider.
17:17 of 3rd period - Shot Blocked by Sebastian Aho.
17:51 of 3rd period - Icing by Jakub Vrana.
17:52 of 3rd period - Brayden Point wins face-off versus Jakub Vrana in Apsos zone.
18:22 of 3rd period - Icing by Scott Mayfield.
18:23 of 3rd period - Phillip Danault wins face-off versus Brayden Point in Phantoms zone.
18:32 of 3rd period - Apsos, Alexandar Georgiev is pulled from the net.
19:07 of 3rd period - Shot by Sebastian Aho.
19:07 of 3rd period - Shot Blocked by Chris Kreider.
19:37 of 3rd period - Shot by Adam Larsson.
19:37 of 3rd period - Stopped by Samuel Montembeault without a rebound.
19:38 of 3rd period - Joel Eriksson Ek wins face-off versus Brayden Point in Phantoms zone.
19:41 of 3rd period - Shot by Kasperi Kapanen.
19:41 of 3rd period - Shot Misses the Net.
19:43 of 3rd period - Shot by Kasperi Kapanen.
19:43 of 3rd period - Stopped by Samuel Montembeault without a rebound.
19:44 of 3rd period - Brayden Point wins face-off versus Joel Eriksson Ek in Phantoms zone.
19:44 of 3rd period - Brayden Point is hit by Joel Eriksson Ek.
19:58 of 3rd period - Shot by Mike Hoffman.
19:58 of 3rd period - Shot Blocked by Travis Hamonic.
Goals for this period are 0 for Apsos vs 1 for Phantoms.
Shots for this period are 8 for Apsos vs 11 for Phantoms.